 Dungeon Crawl Stone Soup version 0.29.1-2-gbd0b4ee654 (webtiles) character file.

Game seed: 10654944617108153829

1806 Avanven the Basher (level 8, -7/62 HPs)
             Began as a Palentonga Fighter on Nov 13, 2022.
             Was a Believer of Okawaru.
             Mangled by a sixfirhy (10 damage)
             ... summoned by a kobold demonologist
             ... on level 6 of the Dungeon.
             The game lasted 00:11:57 (6441 turns).

Avanven the Basher (Palentonga Fighter)             Turns: 6441, Time: 00:11:58

Health: -7/62      AC: 15    Str: 24    XL:     8   Next: 84%
Magic:  0/8        EV:  7    Int: 14    God:    Okawaru [**....]
Gold:   421        SH:  4    Dex: 10    Spells: 7/7 levels left

rFire   . . .      SeeInvis +   q - +2 flail (protect)
rCold   . . .      Faith    .   c - +0 buckler
rNeg    . . .      Spirit   +   b - +2 scale mail
rPois   .          Reflect  .   (no helmet)
rElec   .          Harm     .   (no cloak)
rCorr   .          Rampage  .   (no gloves)
Will    .....                   (no barding)
Stlth   ..........              e - amulet of guardian spirit
HPRegen 0.20/turn               p - +6 ring of intelligence
MPRegen 0.11/turn               (no ring)

@: about to teleport, on berserk cooldown, slowed, curled up, very slow
A: large, rugged brown scales 3, see invisible, deformed body, roll 1, armoured
tail, reflexive curl
a: Rolling Charge, Renounce Religion, Heroism


You were on level 6 of the Dungeon.
You worshipped Okawaru.
Okawaru was pleased with you.
You visited 2 branches of the dungeon, and saw 7 of its levels.

You collected 421 gold pieces.

Inventory:

Hand Weapons
 q - a +2 flail of protection (weapon)
Missiles
 o - a throwing net
Armour
 b - a +2 scale mail (worn)
 c - a +0 buckler (worn)
 n - a +0 scale mail of cold resistance
Jewellery
 e - an amulet of guardian spirit (around neck)
 h - an amulet of magic regeneration
 p - a +6 ring of intelligence (left hand)
 r - a +6 ring of intelligence
Scrolls
 f - a scroll of amnesia
 m - 2 scrolls of teleportation
Potions
 d - 2 potions of brilliance
 j - a potion of experience {unknown}
 k - 2 potions of mutation {unknown}
 l - 2 potions of lignification {unknown}


   Skills:
 - Level 3.0 Fighting
 * Level 11.6 Maces & Flails
 - Level 2.4 Armour
 - Level 2.6 Shields


You had 7 spell levels left.
You didn't know any spells.
Your spell library contained the following spells:

 Spells                   Type           Power      Damage    Failure   Level
 Sublimation of Blood     Necr           0%         N/A       80%         2
 Ignite Poison            Fire/Tmut/Pois 0%         N/A       95%         3
 Mephitic Cloud           Conj/Pois/Air  0%         N/A       95%         3
 Petrify                  Tmut/Erth      0%         N/A       100%        4
 Blade Hands              Tmut           0%         N/A       100%        5
 Freezing Cloud           Conj/Ice/Air   0%         6-21      100%        5
 Irradiate                Conj/Tmut      0%         3d11      100%        5
 Iron Shot                Conj/Erth      0%         9d1       100%        6
 Animate Armour           Summ/Erth      Unusable   N/A       N/A         4

Dungeon Overview and Level Annotations

Branches:
Dungeon (6/15)             Temple (1/1) D:4

Altars:
Cheibriados
Dithmenos
Gozag
Hepliaklqana
Makhleb
Nemelex Xobeh
Okawaru
Qazlal
Uskayaw
Vehumet
Xom
Yredelemnul
Zin
The Shining One

Shops:
D:2 (   D:3 (   D:4 [?=(


Innate Abilities, Weirdness & Mutations

You are completely covered in rugged brown scales. (AC +3, +7% HP)
You have supernaturally acute eyesight. (SInv)
Armour fits poorly on your strangely shaped body.
You can roll at nearby foes to attack.
You have a long armoured tail.
You curl defensively after being hit. (AC +7*)


Message History

* * * LOW HITPOINT WARNING * * *
The steam dragon misses you.
The jelly jiggles.
The jelly hits you but does no damage.
You closely miss the steam dragon. You tail-slap the steam dragon.
You kill the steam dragon!
Okawaru accepts your kill.
The steam dragon scales are intact enough to wear.
You thump the jelly!
Your hands burn!
* * * LOW HITPOINT WARNING * * *
The jelly is almost dead.
You block the jelly's attack.
Unknown command.
You bludgeon the jelly!!
You kill the jelly!
Okawaru accepts your kill.
You feel a strong urge to attack something.
You feel your anger nearly subside.
You are no longer berserk.
You are exhausted.
You feel yourself slow down.
Found 13 gold pieces.
The kobold demonologist casts a spell.
You feel like a meek peon again. The sixfirhy barely misses you.
The sixfirhy completely misses you.
The sixfirhy hits you but does no damage.
You block the sixfirhy's attack. The sixfirhy hits you.
* * * LOW HITPOINT WARNING * * *
The sixfirhy shocks you!
* * * LOW HITPOINT WARNING * * *
The sixfirhy closely misses you. You block the sixfirhy's attack.
The kobold demonologist looks braver for a moment.
Unknown command.
Okay, then.
You feel better.
As you read the scroll of teleportation, it crumbles to dust.
You feel strangely unstable. The sixfirhy hits you!
* * * LOW HITPOINT WARNING * * *
The sixfirhy shocks you!
You die...

.# #..#####.##.# .#
#.## #.##.# #####.#
#.##.#
###...######.##.#
.#..####....[##.#
...## #.######.#
#..#####.######.##
..............#K3###
#....########.##@..#
..#.#####
#....#....$.
.##.....##
####.#.#####
)######|.## #.#.# .#
##..# #.#.# ## ##<#
#.[.# #.##
##......_. #..#
#..#..... ##># #.$#
....


You could see a kobold demonologist and a sixfirhy (summoned).

Vanquished Creatures
  Sigmund (D:3)
  A steam dragon (D:6)
  A water moccasin (D:6)
  A kobold brigand (D:5)
  2 bullfrogs (D:6)
  A necrophage (D:2)
  5 scorpions
  3 wights (D:6)
  A howler monkey (D:6)
  3 hounds (D:6)
  2 jellies (D:6)
  A gnoll bouda (D:4)
  An orc priest (D:5)
  Jessica (D:3)
  Natasha (thrice) (D:4)
  3 orc wizards
  10 gnolls
  4 adders
  A shadow imp (D:6)
  3 white imps
  A worm (D:2)
  A dart slug (D:3)
  14 orcs
  7 bats
  11 endoplasms
  2 giant cockroaches (D:2)
  6 goblins
  7 hobgoblins
  3 jackals
  12 kobolds
  2 quokkas
  7 ball pythons
  8 frilled lizards
  3 rats
132 creatures vanquished.

Vanquished Creatures (others)
  A plant (D:4)
1 creature vanquished.

Grand Total: 133 creatures vanquished

Notes
Turn   | Place    | Note
-------+----------+-------------------------------------------
     0 | D:1      | Avanven the Palentonga Fighter began the quest for the Orb.
     0 | D:1      | Reached XP level 1. HP: 19/19 MP: 1/1
   345 | D:1      | Reached XP level 2. HP: 25/25 MP: 2/2
   609 | D:1      | Reached skill level 3 in Maces & Flails
  1168 | D:2      | Reached XP level 3. HP: 19/31 MP: 3/3
  1327 | D:2      | Noticed a necrophage
  1348 | D:2      | Killed a necrophage
  1349 | D:2      | Reached skill level 4 in Maces & Flails
  1349 | D:2      | Reached XP level 4. HP: 30/37 MP: 4/4
  1448 | D:2      | Found Yqesm's Weapon Boutique.
  1600 | D:2      | Reached skill level 5 in Maces & Flails
  2166 | D:3      | Noticed Jessica
  2172 | D:3      | Killed Jessica
  2173 | D:3      | Reached XP level 5. HP: 27/43 MP: 5/5
  2320 | D:3      | Noticed Sigmund
  2388 | D:3      | Killed Sigmund
  2389 | D:3      | Reached skill level 6 in Maces & Flails
  2389 | D:3      | Reached XP level 6. HP: 21/50 MP: 6/6
  2581 | D:3      | Found Walim's Antique Weapon Shoppe.
  2645 | D:3      | Found a shadowy altar of Dithmenos.
  2772 | D:3      | Found an iron altar of Okawaru.
  2779 | D:3      | Became a worshipper of Warmaster Okawaru
  2839 | D:3      | Found a faded altar of an unknown god.
  3114 | D:4      | Found Ibua's Jewellery Emporium.
  3116 | D:4      | Found Tauxoj's Magic Scroll Emporium.
  3123 | D:4      | Reached skill level 7 in Maces & Flails
  3297 | D:4      | Found Xeneycuang's Weapon Shoppe.
  3430 | D:4      | Found Qyboli's Armour Shop.
  3492 | D:4      | Found a staircase to the Ecumenical Temple.
  3498 | D:4      | Noticed Natasha
  3505 | D:4      | Killed Natasha
  3510 | D:4      | Gained mutation: You curl defensively after being hit. (AC
                  | +7*) [Palentonga growth]
  3510 | D:4      | Reached XP level 7. HP: 43/55 MP: 7/7
  3512 | Temple   | Entered the Ecumenical Temple
  3844 | D:4      | Noticed Natasha
  3853 | D:4      | Killed Natasha
  3854 | D:4      | Reached skill level 8 in Maces & Flails
  3943 | D:4      | Found a hide-covered altar of Uskayaw.
  4090 | D:4      | Noticed Natasha
  4098 | D:4      | Killed Natasha
  4375 | D:5      | Entered Level 5 of the Dungeon
  4768 | D:5      | Reached * piety under Okawaru
  4769 | D:5      | Reached skill level 9 in Maces & Flails
  5275 | D:5      | Found an opulent altar of Gozag.
  5275 | D:5      | Found a sparkling altar of Nemelex Xobeh.
  5291 | D:5      | Reached XP level 8. HP: 51/62 MP: 5/8
  5722 | D:6      | Reached skill level 10 in Maces & Flails
  6327 | D:6      | Reached skill level 11 in Maces & Flails
  6412 | D:6      | Found a shimmering altar of Xom.
  6414 | D:6      | Noticed a kobold demonologist
  6430 | D:6      | Reached ** piety under Okawaru
  6438 | D:6      | Noticed a sixfirhy
  6439 | D:6      | HP: 2/62 [sixfirhy[a kobold demonologist] (9)]
  6441 | D:6      | Mangled by a sixfirhy

Illustrated notes

Levels and vault maps discovered:
D:1:      dpeg_arrival_tiny_c, layout_loops_ring
D:2:      layout_basic, serial_shops, nicolae_shop_statue_plus,
          minmay_divided_ellipse
D:3:      layout_rooms, mainiacjoe_overflow_alcove_2, grunt_dithmenos_smoke,
          hellmonk_ecumenical_altar_inner_sanctum, serial_shops, shop,
          minmay_unequal, uniq_jessica, uniq_sigmund
D:4:      layout_basic, mainiacjoe_overflow_brackets,
          minmay_temple_entry_gardened_gates, serial_shops,
          nicolae_shop_statue_plus, nicolae_shop_hallway_plus,
          nicolae_shop_waterfront, nicolae_shop_crystal, uniq_natasha
D:5:      layout_rooms, grunt_temple_overflow_opulence
D:6:      layout_rooms, lemuel_tele_altar
Temple:   hellmonk_temple_two_chambers

Skill      XL: |  1  2  3  4  5  6  7  8 |
---------------+-------------------------+-----
Maces & Flails | 3 4 5 6 7 9 11 | 11.6
Fighting       | |  3.0
Armour         | |  2.4
Shields        | |  2.6

Action                   |  1- 3 |  4- 6 |  7- 9 || total
-------------------------+-------+-------+-------++-------
Melee: Flail             |    82 |   128 |   207 ||   417
       Tailslap          |     6 |    13 |    28 ||    47
Invok: Heroism           |       |       |     2 ||     2
 Abil: Rolling Charge    |    14 |    12 |     5 ||    31
  Use: Scroll            |     2 |     5 |     8 ||    15
       Potion            |     1 |     1 |     4 ||     6
Armor: Scale mail        |    44 |    68 |   100 ||   212
Dodge: Dodged            |    33 |    48 |    58 ||   139
Block: Buckler           |    10 |    22 |    31 ||    63
